 Dungeon Crawl Stone Soup version 0.18-a0-917-g8a3da5b (webtiles) character file.

27 suvakkihuora the Grasshopper (level 2, -2/14 HPs)
             Began as a Spriggan Warper on Dec 26, 2015.
             Slain by an adder (4 damage)
             ... on level 6 of the Dungeon.
             The game lasted 00:05:04 (664 turns).

suvakkihuora the Grasshopper (Spriggan Warper)       Turns: 664, Time: 00:05:05

Health: -2/14      AC: 10    Str:  7    XL:     2   Next: 93%
Magic:  6/6        EV:  2    Int: 14    God:
Gold:   22         SH:  0    Dex: 15    Spells: 2 memorised, 3 levels left

rFire  . . .     SeeInvis +     a - +0 short sword
rCold  . . .     Gourm    .     o - +0 shadow dragon armour
rNeg   . . .     Faith    .     (shield restricted)
rPois  .         Spirit   .     (helmet restricted)
rElec  .         Dismiss  .     (no cloak)
rCorr  .         Reflect  .     (gloves unavailable)
SustAt .         Harm     .     (boots unavailable)
MR     .....                    (no amulet)
Stlth  ++++......               (no ring)
                                (no ring)

@: lethally poisoned (-2 -> -14), very quick, not resistant to hostile
enchantments, stealthy
A: unfitting armour, see invisible, herbivore 3, speed 3, slow metabolism 2
a: no special abilities


You were on level 6 of the Dungeon.
You were not hungry.

You visited 1 branch of the dungeon, and saw 6 of its levels.

You collected 22 gold pieces.

Inventory:

Hand Weapons
 a - a +0 short sword (weapon)
Missiles
 e - 4 tomahawks of dispersal (quivered)
Armour
 b - a +0 robe
 o - a +0 shadow dragon armour (worn)
Scrolls
 d - a scroll of blinking
 h - a scroll of fear {unknown}
 i - a scroll of enchant armour {unknown}
 j - 2 scrolls of remove curse {unknown}
Potions
 g - 2 potions of agility {unknown}
 k - a potion of lignification {unknown}
 l - a potion of curing
 m - a potion of flight {unknown}
 p - a potion of cancellation {unknown}
Books
 c - a book of Spatial Translocations

   Spells                             Type                      Level
   a - Apportation                    Translocation                1
   b - Blink                          Translocation                2
   c - Shroud of Golubria             Charms/Translocation         2
   d - Portal Projectile              Translocation                3
   e - Teleport Other                 Translocation                3
   f - Passage of Golubria            Translocation                4
Comestibles
 f - a bread ration
 n - a slice of pizza


   Skills:
 - Level 1.5 Fighting
 - Level 2.1 Short Blades
 - Level 1.0 Throwing
 - Level 3.5 Dodging
 + Level 4.2 Stealth
 - Level 2.6 Spellcasting
 - Level 4.4 Translocations


You had 3 spell levels left.
You knew the following spells:

 Your Spells              Type           Power        Failure   Level  Hunger
a - Apportation           Tloc           ##........   100%        1    #......
b - Blink                 Tloc           N/A          100%        2    ###....


Dungeon Overview and Level Annotations

Branches:
Dungeon (6/15)             Temple (0/1) D:6

Altars:
Ashenzari
Trog
The Shining One

Shops:
D:5 (

Annotations:
D:3 dvd's ghost, amateur MfTm
D:4 George's ghost, amateur DrCj
D:5 Pikel


Innate Abilities, Weirdness & Mutations

You are tiny and cannot use many weapons and most armour.
You have supernaturally acute eyesight.
You are a herbivore.
You cover ground extremely quickly.
You need consume almost no food.


Message History

A hound comes into view.
Found a ring mail and a scale mail.
Found a staircase to the Ecumenical Temple.
Found a falchion, 15 gold pieces and an iron wand.
A giant frog zombie comes into view.
An iguana and an adder come into view.
The hound barks!
The iguana hisses angrily.
Found 11 gold pieces.
The giant frog zombie barely misses you.
Found a scroll labeled JAOWIE KIOT.
The adder bites you but does no damage. The hound bites you but does no damage.
There is a staircase to the Ecumenical Temple here.
The hound bites you but does no damage. The giant frog zombie hits you.
The adder bites you.
You are lethally poisoned!
The adder poisons you! The hound bites you but does no damage.
The giant frog zombie hits you. The iguana bites you.
* * * LOW HITPOINT WARNING * * *
The adder bites you.
You die...

#. .#.#.#
#.######.#..?#
#............#
#.#.#.#.#.#..#
#............#
#.#.......#..#
#../.........#
#.#..l@S..#..#
##....h.Z$....#
#.[#.......#$.#
#.[...........#
#..#.#.#.#.#..#
#..............
#########......##.#####
#.........#.#### .#
#)#######.#.# .#


You could see an iguana, a hound, an adder and a giant frog zombie.

Vanquished Creatures
  A worker ant (D:4)
  5 bats
  A kobold (D:2)
7 creatures vanquished.

Notes
Turn   | Place    | Note
--------------------------------------------------------------
     0 | D:1      | suvakkihuora the Spriggan Warper began the quest for the Orb.
     0 | D:1      | Reached XP level 1. HP: 10/10 MP: 5/5
   105 | D:1      | Reached skill level 1 in Stealth
   279 | D:4      | Noticed George's ghost (amateur DrCj)
   279 | D:4      | Noticed a worker ant
   285 | D:3      | Noticed dvd's ghost (amateur MfTm)
   329 | D:4      | Noticed a worker ant
   330 | D:4      | Killed a worker ant
   330 | D:4      | Reached XP level 2. HP: 14/14 MP: 6/6
   340 | D:4      | Found a shattered altar of Ashenzari.
   363 | D:5      | Entered Level 5 of the Dungeon
   363 | D:5      | Found a bloodstained altar of Trog.
   363 | D:5      | Found Owoev's Antique Weapon Boutique.
   379 | D:5      | Learned a level 2 spell: Blink
   421 | D:5      | Noticed Pikel
   421 | D:5      | Noticed a slave
   421 | D:5      | Noticed a slave
   421 | D:5      | Noticed a slave
   435 | D:4      | Found a glowing golden altar of the Shining One.
   585 | D:5      | Noticed an ogre
   655 | D:6      | Found a staircase to the Ecumenical Temple.
   664 | D:6      | Slain by an adder

Vault maps used:
D:1:      dpeg_arrival_tiny_k, solitary_fountain, minmay_surrounded
D:2:      uniq_natasha
D:3:      yredelemnul_forgotten_temple_becter
D:4:      lemuel_doored_altar, enter_ossuary_4, tso_metal_star
D:5:      serial_shops, shop, first_bread, hangedman_decor_peaks_small,
          trog_three_pillars_becter, uniq_pikel
D:6:      minmay_temple_entry_glass, uniq_blork_the_orc

Action                   || total
-------------------------++-------
Melee: Short sword       ||    31
Throw: Tomahawk          ||     1
  Use: Scroll            ||     1
       Potion            ||     1
 Stab: Sleeping          ||     3
